 Dungeon Crawl Stone Soup version 0.20.1-1-g8b1a95d (webtiles) character file.

27 Ijustatesigmund the Sneak (level 2, 0/14 HPs)
             Began as a Spriggan Assassin on Sept 12, 2017.
             Slain by a hobgoblin
             ... wielding a +0 club
              (6 damage)
             ... on level 2 of the Dungeon.
             The game lasted 00:01:27 (952 turns).

Ijustatesigmund the Sneak (Spriggan Assassin)        Turns: 952, Time: 00:01:28

Health: 0/14       AC:  3    Str:  7    XL:     2   Next: 93%
Magic:  3/3        EV: 18    Int: 12    God:
Gold:   58         SH:  0    Dex: 17    Spells: 1/1 levels left

rFire    . . .     SeeInvis +   a - +2 dagger
rCold    . . .     Gourm    .   (shield restricted)
rNeg     . . .     Faith    .   c - +0 robe
rPois    .         Spirit   .   (helmet restricted)
rElec    .         Reflect  .   d - +0 cloak
rCorr    .         Harm     .   (gloves unavailable)
MR       .....                  (boots unavailable)
Stlth    ++++......             (no amulet)
Regen    0.1/turn               (no ring)
MPRegen  0.1/turn               (no ring)

@: very quick
A: unfitting armour, see invisible, herbivore 3, speed 3, slow metabolism 2
a: no special abilities


You were on level 2 of the Dungeon.
You were not hungry.

You visited 1 branch of the dungeon, and saw 3 of its levels.

You collected 58 gold pieces.

Inventory:

Hand Weapons
 a - a +2 dagger (weapon)
 b - a +0 blowgun
Missiles
 e - 13 poisoned needles
 f - 2 curare-tipped needles
Armour
 c - a +0 robe (worn)
 d - a +0 cloak (worn)
Scrolls
 j - 2 scrolls of magic mapping
Potions
 i - a potion of resistance {unknown}
Comestibles
 g - 3 bread rations
 h - a royal jelly


   Skills:
 - Level 1.5 Fighting
 + Level 2.1 Short Blades
 - Level 2.0 Throwing
 + Level 3.2 Dodging
 + Level 6.6 Stealth


You had one spell level left.
You didn't know any spells.

Dungeon Overview and Level Annotations

Branches:
Dungeon (3/15)

Altars:


Innate Abilities, Weirdness & Mutations

You are very small and have problems with some larger weapons.
You are too small for most types of armour.
You have supernaturally acute eyesight. (SInv)
You are a herbivore.
You cover ground extremely quickly.
You need consume almost no food.


Message History

You are too injured to fight recklessly!
You are too injured to fight recklessly!
You are too injured to fight recklessly!
You are too injured to fight recklessly!
You are too injured to fight recklessly!
You are too injured to fight recklessly!
You are too injured to fight recklessly!
You are too injured to fight recklessly!
You are too injured to fight recklessly!
You are too injured to fight recklessly!
You are too injured to fight recklessly!
You are too injured to fight recklessly!
You are too injured to fight recklessly!
You hit the hobgoblin.
The hobgoblin is severely wounded.
The hobgoblin closely misses you. The kobold closely misses you.
You barely miss the hobgoblin.
The hobgoblin is severely wounded.
The hobgoblin hits you with a club.
You die...

*,,,,,,,*
*,,,,,,,,,,,,,,,,,,,,,
*,,,,,,,*
*,**..*****,******####
*,,,,,,,* #,**#.## *,* #...
*,,,,,,,* #.* *..# #.*
#####... *,,,,,,,* #.####.##
#.# #....... *,,,,,,,*
#.......# #.# #.......
*,,,,,,,*###......(# #.#
#.......
*,,,,,,,,..........###.#
#.......
************#..)@...##.#
#....†..
#..Kg.#.##.###.......
#.....#..#...'...)...
#.....##.#.###.......
********#.....##.#.# #.......
*,,,,,,.......##'#'#####....#
*,,,,,......$.#........####.#
*,,,,,.....####........# #.#
*,,,,,,,,,,* #†.......# #.#


You could see a hobgoblin and a kobold.

Vanquished Creatures
  3 dart slugs (D:1)
  A leopard gecko (D:1)
  2 bats (D:1)
  3 giant cockroaches (D:1)
  3 hobgoblins
  A ball python (D:2)
  A frilled lizard (D:2)
  2 goblins (D:1)
  A kobold (D:1)
  2 rats (D:1)
19 creatures vanquished.

Notes
Turn   | Place    | Note
-------+----------+-------------------------------------------
     0 | D:1      | Ijustatesigmund the Spriggan Assassin began the quest for the Orb.
     0 | D:1      | Reached XP level 1. HP: 10/10 MP: 2/2
    92 | D:1      | Reached skill level 6 in Stealth
   213 | D:1      | Reached XP level 2. HP: 12/14 MP: 3/3
   952 | D:2      | Slain by a hobgoblin

Skill      XL: |  1  2 |
---------------+-------+-----
Stealth        | 6 |  6.6
Dodging        | 2 3 |  3.2
Fighting       | |  1.5
Short Blades   | |  2.1
Throwing       | |  2.0

Action                   || total
-------------------------++-------
Melee: Dagger            ||    75
  Use: Scroll            ||     1
 Stab: Sleeping          ||     8
Armor: Robe              ||    10
Dodge: Dodged            ||    52
